[Event "Early-Titled-Tuesday-Blitz-February-27-2024"]
[Site "Chess.com"]
[Date "2024.02.27"]
[Round "4"]
[White "VitaliyChayka"]
[Black "Nuvas"]
[Result "1-0"]
[WhiteElo "2517"]
[BlackElo "2751"]
[TimeControl "180+1"]
[EndTime "8:36:54 PST"]
[Termination "VitaliyChayka won on time"]

1. d4 Nf6 2. Bf4 d5 3. e3 c5 4. dxc5 Nc6 5. Bb5 Bg4 6. Ne2 Qa5+ 7. Nbc3 a6 8. Bxc6+ bxc6 9. f3 Bf5 10. Nd4 Bd7 11. Nb3 Qd8 12. O-O g6 13. e4 dxe4 14.
fxe4 Bg7 15. Qf3 O-O 16. Rad1 Qc8 17. h3 Be6 18. Na4 Nd7 19. Nb6 Nxb6 20. cxb6 c5 21. Bc7 Bc4 22. Nxc5 Bxf1 23. Qxf1 Rb8 24. c3 Rxb6 25.
Bxb6 Qc6 26. Nd7 Rc8 27. Qd3 h5 28. Bf2 e6 29. Bh4 1-0

[Event "Early-Titled-Tuesday-Blitz-February-27-2024"]
[Site "Chess.com"]
[Date "2024.02.27"]
[Round "4"]
[White "Rud_Makarian"]
[Black "kleinebeer98"]
[Result "0-1"]
[WhiteElo "3100"]
[BlackElo "2891"]
[TimeControl "180+1"]
[EndTime "8:36:55 PST"]
[Termination "kleinebeer98 won on time"]

1. Nf3 Nf6 2. c4 e6 3. g3 d5 4. Bg2 Nbd7 5. b3 Bd6 6. Bb2 O-O 7. O-O c5 8. cxd5 exd5 9. d4 c4 10. Nc3 Re8 11. bxc4 dxc4 12. Qc2 Nb6 13. e4 Bb4 14.
Rfe1 Bg4 15. a3 Ba5 16. Rad1 Bh5 17. h3 Qc7 18. g4 Bg6 19. Ne5 Rad8 20. Nxg6 hxg6 21.
Re3 Qf4 22. Ne2 Qh6 23. Bc1 Qh4 24. d5 Nbd7 25. Nd4 Ne5 26. f4 Nd3 27. Nf3 Qg3 28. Nd4 Qxf4 29. Rexd3 cxd3 30. Qxd3 Qe5 31. Bb2 Nxe4 32.
Qb5 Bb6 33. Kf1 Qg3 0-1

[Event "Early-Titled-Tuesday-Blitz-February-27-2024"]
[Site "Chess.com"]
[Date "2024.02.27"]
[Round "4"]
[White "SARGISMV"]
[Black "KononenkoD"]
[Result "0-1"]
[WhiteElo "2447"]
[BlackElo "2622"]
[TimeControl "180+1"]
[EndTime "8:36:55 PST"]
[Termination "KononenkoD won on time"]

1. d4 Nf6 2. c4 c5 3. d5 b5 4. cxb5 a6 5. bxa6 g6 6. Nc3 Bg7 7. e4 O-O 8. e5 Ne8 9. h4 d6 10. h5 Bxe5 11. Bh6 Ng7 12. f4 Bf6 13. g4 Qa5 14.
Rc1 Bxa6 15. g5 Bxc3+ 16. Rxc3 Bxf1 17. Kxf1 Nd7 18. hxg6 fxg6 19. Ne2 Qa4 20. Qd2 Rf7 21. Ra3 Qxa3 22. bxa3 Nf5 23. Qb2 Rb8 24. Qc3 Nb6 25.
Kf2 Nxd5 26. Qc4 e6 27. a4 Ra7 28. a3 Rb2 29. Rh3 Nd4 30. Re3 Nxe3 0-1

[Event "Early-Titled-Tuesday-Blitz-February-27-2024"]
[Site "Chess.com"]
[Date "2024.02.27"]
[Round "4"]
[White "Atousa"]
[Black "FREDERICKtheMATE"]
[Result "0-1"]
[WhiteElo "2466"]
[BlackElo "2666"]
[TimeControl "180+1"]
[EndTime "8:36:56 PST"]
[Termination "FREDERICKtheMATE won on time"]

1. e4 c5 2. Nf3 Nc6 3. d4 cxd4 4.
Nxd4 Nf6 5. Nc3 e5 6. Ndb5 d6 7. Bg5 a6 8. Na3 b5 9. Nd5 Be7 10. Bxf6 Bxf6 11. c4 b4 12. Nc2 O-O 13. Be2 a5 14.
O-O Bg5 15. Qd3 Kh8 16. Rad1 f5 17. Bf3 f4 18. Qe2 Rb8 19. b3 g6 20. Bg4 Bxg4 21.
Qxg4 Re8 22. g3 h5 23. Qe2 Rb7 24. gxf4 Bxf4 25. Nxf4 exf4 26. f3 Ne5 27. Kh1 g5 28. c5 Rd7 29. cxd6 Rxd6 30. Rxd6 Qxd6 31. Rd1 Qb6 32. Nd4 g4 33. Qd2 Qf6 34. Nf5 Qg5 35.
Nd6 Rd8 36. Qd4 Kh7 37. Qa7+ Rd7 38. Qxa5 gxf3 39. Rg1 f2 40. Rxg5 f1=Q+ 41. Rg1 Qf3+ 42. Rg2 Rg7 0-1

[Event "Early-Titled-Tuesday-Blitz-February-27-2024"]
[Site "Chess.com"]
[Date "2024.02.27"]
[Round "4"]
[White "francyIM"]
[Black "lagunanivaria"]
[Result "1-0"]
[WhiteElo "2776"]
[BlackElo "2447"]
[TimeControl "180+1"]
[EndTime "8:36:58 PST"]
[Termination "francyIM won by checkmate"]

1. e4 e5 2. Nf3 Nc6 3. Bc4 Nf6 4.
d3 Bc5 5. a3 a6 6. Nc3 h6 7. h3 d6 8. Be3 O-O 9. O-O Bxe3 10. fxe3 Be6 11. Nd2 d5 12. exd5 Nxd5 13. Bxd5 Bxd5 14. Qh5 Be6 15. Nde4 b6 16. g4 Kh7 17. g5 f5 18. gxf6 gxf6 19. Kh1 f5 20. Rg1 Rf6 21. Nxf6+ Qxf6 22. Raf1 Ne7 23. Ne4 Bd5 24.
Kh2 Bxe4 25. dxe4 Rd8 26. Rf2 f4 27. exf4 exf4 28. e5 Qe6 29. Rgg2 Rd5 30. Rxf4 Rxe5 31. Qf7+ Qxf7 32. Rxf7+ Kh8 33. Rf8+ Kh7 34. Rf7+ Kh8 35. Rd2 Ng8 36. Rdd7 Re2+ 37. Kg1 Nf6 38. Rxf6 Rxc2 39.
Rf8# 1-0

[Event "Early-Titled-Tuesday-Blitz-February-27-2024"]
[Site "Chess.com"]
[Date "2024.02.27"]
[Round "4"]
[White "Flaccidmoves"]
[Black "nekotyanof"]
[Result "0-1"]
[WhiteElo "2448"]
[BlackElo "2636"]
[TimeControl "180+1"]
[EndTime "8:37:00 PST"]
[Termination "nekotyanof won on time"]

1. d4 Nf6 2. c4 e6 3. g3 d5 4. Bg2 dxc4 5. Nf3 Nbd7 6. O-O c6 7. Qc2 Nb6 8. Nbd2 Be7 9. Nxc4 Nxc4 10. Qxc4 O-O 11. Bg5 h6 12. Bxf6 Bxf6 13. Rfd1 Qb6 14. Qc2 Rd8 15. e3 a5 16. Nd2 Bd7 17. Ne4 Be7 18. Rac1 Qc7 19. h4 e5 20. d5 Bf8 21.
d6 Qb8 22. a4 Be6 23. Rd2 Bxd6 24. Rcd1 Be7 25. Rxd8+ Bxd8 26. Nc5 Qc8 27. Qd3 Be7 28.
Nxe6 Qxe6 29. Qd7 Rd8 30. Qxd8+ Bxd8 31. Rxd8+ Kh7 32. Bf1 e4 33. Rd4 c5 34. Rc4 b6 35.
Bg2 f5 36. h5 g5 37. hxg6+ Kxg6 38. g4 fxg4 39. Rxe4 Qd7 40. Kh2 Qd6+ 41. Kg1 Qd1+ 42. Kh2 h5 43. Re6+ Kf5 44. Rxb6 h4 45. Rc6 Qc2 46.
e4+ Kg5 0-1

[Event "Early-Titled-Tuesday-Blitz-February-27-2024"]
[Site "Chess.com"]
[Date "2024.02.27"]
[Round "4"]
[White "SirStrateg"]
[Black "Heinza9"]
[Result "1-0"]
[WhiteElo "2666"]
[BlackElo "2339"]
[TimeControl "180+1"]
[EndTime "8:37:01 PST"]
[Termination "SirStrateg won by resignation"]

1. d4 f5 2. Bg5 h6 3. Bh4 g5 4. e3 Nf6 5. Bg3 Bg7 6. Nc3 d6 7. Bc4 e6 8. h4 g4 9. h5 O-O 10. Qd3 d5 11. Bb3 b6 12. Nge2 Ba6 13.
Qd2 Nbd7 14. Nf4 Re8 15. O-O-O Rc8 16. Kb1 c5 17. Ba4 c4 18. f3 Qe7 19. Ng6 Qb4 20.
a3 Qa5 21. Bd6 b5 22. Nxd5 Qxa4 23. Nde7+ Kf7 24. Nxc8 Rxc8 25. e4 c3 26. bxc3 Qc4 27. exf5 exf5 28. Ne5+ Nxe5 29. dxe5 Qxc3 30. exf6 Qxd2 31.
Rxd2 Bxf6 32. fxg4 fxg4 33. Bb4 Rc7 34. Rf1 Kg7 35. Rd6 1-0

[Event "Early-Titled-Tuesday-Blitz-February-27-2024"]
[Site "Chess.com"]
[Date "2024.02.27"]
[Round "4"]
[White "gm_rashid"]
[Black "Brave_spirit12"]
[Result "0-1"]
[WhiteElo "2438"]
[BlackElo "2699"]
[TimeControl "180+1"]
[EndTime "8:37:01 PST"]
[Termination "Brave_spirit12 won by resignation"]

1. e4 e6 2. d4 d5 3. exd5 exd5 4. Bd3 Nc6 5. c3 Bd6 6. Qf3 Nge7 7. Ne2 Be6 8. Bf4 Ng6 9. Bxd6 Qxd6 10. Nd2 O-O-O 11.
Qg3 Qd7 12. O-O-O Rhe8 13. h4 Bf5 14. h5 Bxd3 15. Qxd3 Nf8 16. Ng3 h6 17. Nf3 Ne6 18. Qf5 a5 19. Rhe1 a4 20. Ne5 Nxe5 21. Rxe5 a3 22. b3 Qc6 23. Rd3 Kb8 24. Qxf7 Nxd4 25.
Qxg7 Nxb3+ 26. axb3 a2 27. Kb2 a1=Q+ 28. Kxa1 Qa6+ 29.
Kb2 Qxd3 30. Rxe8 Rxe8 31. Qd4 Qxd4 32. cxd4 Rf8 33. Nh1 Rf5 34. g4 Rf4 35. g5 hxg5 36. Ng3 Rxf2+ 37. Kc3 Rf3+ 0-1

[Event "Early-Titled-Tuesday-Blitz-February-27-2024"]
[Site "Chess.com"]
[Date "2024.02.27"]
[Round "4"]
[White "ActorXu"]
[Black "Salem-AR"]
[Result "1/2-1/2"]
[WhiteElo "2838"]
[BlackElo "3037"]
[TimeControl "180+1"]
[EndTime "8:37:02 PST"]
[Termination "Game drawn by agreement"]

1. e4 c6 2. d4 d5 3. e5 Bf5 4.
h4 h5 5. Bd3 Bxd3 6. Qxd3 Qa5+ 7.
Nd2 e6 8. Nf3 Nh6 9. O-O Nf5 10.
c3 Qa6 11. Qxa6 Nxa6 12. b4 Nc7 13. a4 a5 14. bxa5 Rxa5 15. Nb3 Ra7 16. Bg5 Be7 17.
Rfb1 Bxg5 18. hxg5 Ke7 19. Nc5 Rb8 20. Rb4 b5 21.
Rb2 Rba8 22. Rba2 bxa4 23. Rxa4 Rxa4 24. Rxa4 Rxa4 25. Nxa4 Nb5 26. g3 Kd8 27. Kf1 Kc7 28. Ke2 g6 29. Kd3 Ne7 30. Nd2 Nf5 31. Nf3 Ne7 1/2-1/2

[Event "Early-Titled-Tuesday-Blitz-February-27-2024"]
[Site "Chess.com"]
[Date "2024.02.27"]
[Round "4"]
[White "Zq1"]
[Black "yosephtaher"]
[Result "0-1"]
[WhiteElo "2631"]
[BlackElo "2934"]
[TimeControl "180+1"]
[EndTime "8:37:02 PST"]
[Termination "yosephtaher won by resignation"]

1. d4 Nf6 2. c4 c5 3. Nf3 cxd4 4. Nxd4 Nc6 5. Nc3 g6 6. Nc2 Bg7 7. g3 d6 8. Bg2 O-O 9. O-O a5 10. b3 Be6 11. Rb1 Qd7 12. Re1 Bh3 13. Bh1 Rfd8 14. e4 e6 15. Ne3 h5 16. Ba3 Ng4 17. Nb5 Nxe3 18. Rxe3 Nb4 19. Qd2 Bh6 20. f4 Bg7 21. Rd1 Qc6 22. Bf3 Qb6 23. Kh1 d5 24.
exd5 exd5 25. Bxb4 dxc4 26. Bd6 Qxb5 27. bxc4 Qxc4 28. Bd5 Qb5 29. Bxf7+ Kxf7 30. Re7+ Kg8 31. Rxg7+ Kxg7 32. Qc3+ Kh7 0-1

[Event "Early-Titled-Tuesday-Blitz-February-27-2024"]
[Site "Chess.com"]
[Date "2024.02.27"]
[Round "4"]
[White "Sina_Movahed"]
[Black "Aslanov_Umid"]
[Result "1-0"]
[WhiteElo "2938"]
[BlackElo "2676"]
[TimeControl "180+1"]
[EndTime "8:37:10 PST"]
[Termination "Sina_Movahed won by resignation"]

1. Nf3 d6 2. e4 c5 3. d4 cxd4 4. Nxd4 Nf6 5. Nc3 a6 6. h3 e6 7. g4 Be7 8. g5 Nfd7 9. h4 b5 10. Bg2 Bb7 11. Be3 b4 12. Nce2 Nc6 13. Nxc6 Bxc6 14. Nd4 Bb7 15. Qe2 Nc5 16. O-O-O Qa5 17. Kb1 Nxe4 18. Qg4 f5 19. gxf6 Nxf6 20. Qxe6 Bxg2 21.
Nf5 Qc7 22. Nxd6+ Qxd6 23. Rxd6 Bxh1 24. Bc5 Bd5 25. Rxd5 Nxd5 26. Qc6+ Kf7 27. Qxd5+ Kf6 28. Qg5+ Kf7 29. Qxe7+ Kg6 30. Qe6+ Kh5 31. Qf5+ Kxh4 32. Be7+ g5 33. Qxg5+ 1-0

[Event "Early-Titled-Tuesday-Blitz-February-27-2024"]
[Site "Chess.com"]
[Date "2024.02.27"]
[Round "4"]
[White "nicolasbatista3"]
[Black "quvnoq_muxlis"]
[Result "0-1"]
[WhiteElo "2414"]
[BlackElo "2680"]
[TimeControl "180+1"]
[EndTime "8:37:10 PST"]
[Termination "quvnoq_muxlis won by resignation"]

1. d4 d6 2. c4 e5 3. e3 f5 4.
Nc3 Nf6 5. g3 Be7 6. Bg2 c6 7.
Nge2 O-O 8. O-O Na6 9. b3 e4 10. d5 Nc5 11. Ba3 Qa5 12. Bxc5 Qxc5 13. dxc6 bxc6 14.
Rc1 Bd7 15. Nd4 Ng4 16. Qc2 Qa5 17. h3 Ne5 18. Nce2 Nd3 19. Rcd1 c5 20. Nb5 Bxb5 21. cxb5 Qxb5 22. f3 Nb4 23. Qb2 exf3 24. Bxf3 Rae8 25.
a3 Na6 26. Nf4 Kh8 27. a4 Qb8 28. Qc2 Nb4 29. Qc4 Bf6 30. g4 Rxe3 31. gxf5 Bd4 32.
Kg2 Rxf5 33. Bg4 Rf6 34. Nd5 Nxd5 35. Qxd5 Qxb3 36. Rxf6 Qxd5+ 37. Bf3 Qg5+ 0-1

[Event "Early-Titled-Tuesday-Blitz-February-27-2024"]
[Site "Chess.com"]
[Date "2024.02.27"]
[Round "4"]
[White "Josetricks"]
[Black "chessamical"]
[Result "1-0"]
[WhiteElo "2481"]
[BlackElo "2147"]
[TimeControl "180+1"]
[EndTime "8:37:10 PST"]
[Termination "Josetricks won by resignation"]

1. d4 d5 2. Nc3 Nf6 3. Bf4 c5 4. e3 cxd4 5. exd4 Bg4 6. f3 Bd7 7. Bd3 Nc6 8. Nge2 e6 9. Qd2 a6 10. O-O-O b5 11. g4 Qb6 12. g5 Nh5 13. Qe3 Nxf4 14. Qxf4 Be7 15. Kb1 Na5 16. Rhe1 Nc4 17. Ng3 Rc8 18. Nf5 Na3+ 19. Ka1 Rxc3 20. bxc3 exf5 21. Bxf5 Qc7 22. Qxc7 1-0

[Event "Early-Titled-Tuesday-Blitz-February-27-2024"]
[Site "Chess.com"]
[Date "2024.02.27"]
[Round "4"]
[White "ChessQueen"]
[Black "NLLO777"]
[Result "1-0"]
[WhiteElo "2745"]
[BlackElo "2543"]
[TimeControl "180+1"]
[EndTime "8:37:13 PST"]
[Termination "ChessQueen won by resignation"]

1. Nf3 Nf6 2. g3 b6 3. Bg2 Bb7 4.
d3 e6 5. e4 Be7 6. e5 Nd5 7.
c4 Nb4 8. O-O d6 9. Qa4+ N4c6 10.
d4 Qd7 11. Nc3 dxe5 12. dxe5 Nb4 13. Qb3 O-O 14. a3 Nd3 15. Rd1 Nxc1 16. Raxc1 Qc8 17. Qc2 Nd7 18. Ne4 h6 19. b4 a5 20. c5 Bxe4 21.
Qxe4 axb4 22. axb4 bxc5 23. bxc5 Nxc5 24. Qc2 Rd8 25.
Nd4 Ra4 26. Nc6 Rxd1+ 27. Qxd1 Bf8 28. Rxc5 Qa6 29. Rc1 g6 30. Qd8 Ra1 31. Rxa1 Qxa1+ 32. Bf1 Qc3 33. Nb8 Qxe5 34. Qxf8+ Kxf8 35. Nd7+ Ke7 36.
Nxe5 1-0

[Event "Early-Titled-Tuesday-Blitz-February-27-2024"]
[Site "Chess.com"]
[Date "2024.02.27"]
[Round "4"]
[White "malakismayil"]
[Black "oneshot007"]
[Result "0-1"]
[WhiteElo "2635"]
[BlackElo "2448"]
[TimeControl "180+1"]
[EndTime "8:37:13 PST"]
[Termination "oneshot007 won by checkmate"]

1. e4 c5 2. Nf3 d6 3. Bb5+ Bd7 4.
Bxd7+ Nxd7 5. O-O Ngf6 6. Re1 e6 7. c3 Rc8 8. d4 cxd4 9. cxd4 d5 10. e5 Ne4 11. Nbd2 Nxd2 12. Bxd2 Be7 13. Qb3 Qb6 14. Qe3 h6 15. Bc3 Nb8 16. Qf4 Bb4 17.
Qg4 O-O 18. Bxb4 Qxb4 19. Re2 Rc4 20. b3 Rc3 21. Qf4 Rfc8 22. g4 Nc6 23. Kg2 a5 24.
Rd1 Ne7 25. g5 Nf5 26. gxh6 Nxh6 27. Rg1 Nf5 28. h4 Rxf3 29. Kxf3 Nxd4+ 30. Ke3 Qc3# 0-1

[Event "Early-Titled-Tuesday-Blitz-February-27-2024"]
[Site "Chess.com"]
[Date "2024.02.27"]
[Round "4"]
[White "aljado"]
[Black "talaicito"]
[Result "0-1"]
[WhiteElo "2026"]
[BlackElo "2283"]
[TimeControl "180+1"]
[EndTime "8:37:13 PST"]
[Termination "talaicito won by resignation"]

1. e4 c5 2. Nf3 d6 3. c3 Nf6 4.
Bc4 e6 5. Qe2 Nc6 6. O-O Be7 7. d4 cxd4 8. cxd4 d5 9. exd5 Nxd5 10.
Nc3 O-O 11. Nxd5 exd5 12. Bd3 Bg4 13. Be3 Nb4 14. Bb1 Re8 15. a3 Nc6 16. Qd3 g6 17.
Ne5 Nxe5 18. dxe5 Rc8 19. Ba2 Bc5 20. Bxc5 Rxc5 21. b4 Rc7 22. f4 Be6 23. Rac1 Rxc1 24. Rxc1 Qb6+ 25. Kh1 Qf2 26. Bb3 Qxf4 27. Qb5 Qxc1+ 0-1

[Event "Early-Titled-Tuesday-Blitz-February-27-2024"]
[Site "Chess.com"]
[Date "2024.02.27"]
[Round "4"]
[White "Orest_Vovk"]
[Black "xamax2000"]
[Result "0-1"]
[WhiteElo "2572"]
[BlackElo "2834"]
[TimeControl "180+1"]
[EndTime "8:37:14 PST"]
[Termination "xamax2000 won by resignation"]

1. h4 d5 2. h5 h6 3. e4 dxe4 4. Nc3 Nf6 5. Qe2 Nc6 6. Nxe4 e5 7. c3 Bf5 8. d3 Qd7 9. Nxf6+ gxf6 10. Be3 O-O-O 11. O-O-O Qd5 12. Kb1 Be6 13. c4 Qd7 14. g3 Bxc4 15. Bh3 f5 16. Nf3 Be6 17. d4 Qd5 18. b3 Qe4+ 19. Kb2 exd4 20. Nd2 Qe5 21.
Nf3 Qf6 22. Bf4 d3+ 23. Qe5 Nxe5 24. Bxe5 Qe7 25. Bxh8 Qa3+ 26. Kb1 Bxb3 27. axb3 Qxb3+ 28. Bb2 Qc2+ 29. Ka2 Rd5 0-1

[Event "Early-Titled-Tuesday-Blitz-February-27-2024"]
[Site "Chess.com"]
[Date "2024.02.27"]
[Round "4"]
[White "RamonManon0g"]
[Black "ukchessbomber"]
[Result "1-0"]
[WhiteElo "2408"]
[BlackElo "2653"]
[TimeControl "180+1"]
[EndTime "8:37:14 PST"]
[Termination "RamonManon0g won on time"]

1. e4 a6 2. d4 b5 3. Nf3 Bb7 4. Bd3 d6 5. O-O Nd7 6. Re1 g6 7. e5 dxe5 8. dxe5 e6 9. Bg5 Ne7 10. Nc3 Bg7 11. Ne4 h6 12. Nf6+ Bxf6 13. exf6 hxg5 14.
fxe7 Qxe7 15. h3 O-O-O 16. a4 g4 17. hxg4 Rh7 18. axb5 Rdh8 19. Kf1 Rh1+ 20. Ke2 Bxf3+ 21. gxf3 R1h2 22. bxa6 Qc5 23. Rf1 f5 24. Qd2 fxg4 25. a7 gxf3+ 26. Kd1 Nb6 27. a8=Q+ Nxa8 28. Rxa8+ Kb7 29.
Be4+ Kb6 30. Rxh8 Rxh8 31. Bxf3 Rh4 32. c3 Qa5 33. Qe3+ Ka6 34. Qxe6+ c6 35. Qxc6+ Qb6 36. Be2+ Ka7 37. Qd7+ Kb8 38. Qe8+ 1-0

[Event "Early-Titled-Tuesday-Blitz-February-27-2024"]
[Site "Chess.com"]
[Date "2024.02.27"]
[Round "4"]
[White "abeljusto"]
[Black "Schachmalanders"]
[Result "0-1"]
[WhiteElo "2106"]
[BlackElo "2467"]
[TimeControl "180+1"]
[EndTime "8:37:15 PST"]
[Termination "Schachmalanders won on time"]

1. e4 c6 2. d4 d5 3. f3 dxe4 4.
fxe4 e5 5. Nf3 exd4 6. Bc4 Nf6 7. O-O Be7 8. Ng5 O-O 9. Nxf7 Rxf7 10. Bxf7+ Kxf7 11. e5 Be6 12. exf6 Bxf6 13. Bg5 Nd7 14. Qxd4 Kg8 15. Bxf6 Nxf6 16. Qe3 Bc4 17. Re1 Ng4 18. Qc5 Qh4 19. Qxc4+ Kh8 20. Re4 Qxh2+ 21. Kf1 Rf8+ 22. Ke2 Qxg2+ 23. Kd3 Nf2+ 24. Kc3 Nxe4+ 25. Kb3 Qh1 26. a4 Nd2+ 0-1

[Event "Early-Titled-Tuesday-Blitz-February-27-2024"]
[Site "Chess.com"]
[Date "2024.02.27"]
[Round "4"]
[White "xasid81"]
[Black "AniJak"]
[Result "1-0"]
[WhiteElo "2538"]
[BlackElo "2368"]
[TimeControl "180+1"]
[EndTime "8:37:16 PST"]
[Termination "xasid81 won on time"]

1. Nf3 f5 2. Nc3 Nf6 3. d3 d5 4. e4 dxe4 5. dxe4 Qxd1+ 6. Kxd1 fxe4 7. Ng5 Bf5 8. Bc4 Nc6 9. Bf7+ Kd7 10. Bb3 h6 11.
Nh3 Bxh3 12. gxh3 Rd8 13. Be3 Kc8+ 14. Ke2 e5 15. Kf1 Bb4 16. Rg1 g5 17. h4 g4 18.
Be6+ Kb8 19. Bxg4 Nd4 20. Bd1 Nf5 21. a3 Bxc3 22. bxc3 Nxh4 23. Rg3 Nd5 24. c4 Nxe3+ 25. Rxe3 Rd4 26. Be2 Nf5 27. Rh3 Rf8 28. Rd1 e3 29. Rxd4 exd4 30. Rf3 exf2 31. Kxf2 Rf7 32. c5 h5 33. Bc4 1-0

[Event "Early-Titled-Tuesday-Blitz-February-27-2024"]
[Site "Chess.com"]
[Date "2024.02.27"]
[Round "4"]
[White "Elsa167"]
[Black "Maikrosoft63"]
[Result "1-0"]
[WhiteElo "2882"]
[BlackElo "2598"]
[TimeControl "180+1"]
[EndTime "8:37:17 PST"]
[Termination "Elsa167 won by resignation"]

1. d4 Nf6 2. c4 e6 3. Nf3 b6 4. Bf4 Bb7 5. e3 Be7 6. h3 O-O 7. Nc3 Bb4 8. Qb3 a5 9. Be2 Ne4 10. O-O Bxc3 11. bxc3 d6 12. Rfd1 Nd7 13. Nd2 Qe7 14.
Nxe4 Bxe4 15. f3 Bc6 16. e4 e5 17. Be3 f5 18. c5+ Kh8 19. d5 Nxc5 20. Bxc5 bxc5 21. dxc6 fxe4 22. fxe4 Qh4 23. Rf1 Qxe4 24. Bf3 Qe3+ 25.
Kh1 Rab8 26. Qe6 Rf6 27. Qe7 Rbf8 28. Qxc7 h6 29. Qd7 Rxf3 30. Rxf3 Rxf3 31. c7 Qxc3 32. c8=Q+ Kh7 33. Rg1 1-0

[Event "Early-Titled-Tuesday-Blitz-February-27-2024"]
[Site "Chess.com"]
[Date "2024.02.27"]
[Round "4"]
[White "TheAlienParty"]
[Black "MikeSailer"]
[Result "0-1"]
[WhiteElo "2411"]
[BlackElo "2167"]
[TimeControl "180+1"]
[EndTime "8:37:17 PST"]
[Termination "MikeSailer won by checkmate"]

1. c4 e6 2. Nf3 Nf6 3. e3 d5 4.
b3 c5 5. Bb2 Nc6 6. cxd5 exd5 7. Be2 Be6 8. O-O Bd6 9. d4 c4 10. bxc4 dxc4 11. Nc3 O-O 12. Kh1 Bb4 13. Ng5 Bxc3 14.
Nxe6 fxe6 15. Bxc3 b5 16. a4 b4 17. Bf3 Nd5 18. Be1 a5 19. e4 Nf4 20. d5 exd5 21.
exd5 Ne5 22. Be4 Nfd3 23. f3 Rf6 24. Bg3 Rh6 25. Rc1 Rc8 26. Rxc4 Rxc4 27. Bxd3 Nxd3 28. Qxd3 Rc3 29. Qa6 Rxa6 30. d6 Rxd6 31. Bxd6 Qxd6 32. g3 Rd3 33. Kg2 Rd2+ 34. Kh3 Qh6+ 35. Kg4 Qg6+ 36.
Kf4 Rd4+ 37. Ke5 Qf6# 0-1

[Event "Early-Titled-Tuesday-Blitz-February-27-2024"]
[Site "Chess.com"]
[Date "2024.02.27"]
[Round "4"]
[White "gpsji27"]
[Black "tetrix83"]
[Result "0-1"]
[WhiteElo "2348"]
[BlackElo "2531"]
[TimeControl "180+1"]
[EndTime "8:37:18 PST"]
[Termination "tetrix83 won by resignation"]

1. d4 Nf6 2. Nf3 g6 3. Nc3 d5 4. Bf4 Bg7 5. e3 O-O 6. Be2 c5 7.
Ne5 Nc6 8. h4 cxd4 9. exd4 Qb6 10. Nxc6 bxc6 11. Rb1 Ne4 12. Nxe4 dxe4 13. c3 Rd8 14.
Be3 e5 15. d5 Qc7 16. c4 cxd5 17. cxd5 Qa5+ 18. Qd2 Qxd2+ 19. Bxd2 Rxd5 20. Bc4 Rc5 21. b3 a5 22. Be3 Rc7 23. Rd1 Bg4 24. Rd2 Bf8 25.
O-O Bb4 26. Rd5 Be6 27. Rxe5 Bxc4 28. Rc1 Bd6 29. Rxe4 Bd5 30. Rxc7 Bxc7 31. Rd4 Be6 0-1

[Event "Early-Titled-Tuesday-Blitz-February-27-2024"]
[Site "Chess.com"]
[Date "2024.02.27"]
[Round "4"]
[White "ChessboArt"]
[Black "MattyDPerrine"]
[Result "0-1"]
[WhiteElo "2257"]
[BlackElo "2501"]
[TimeControl "180+1"]
[EndTime "8:37:18 PST"]
[Termination "MattyDPerrine won by resignation"]

1. Nf3 d5 2. g3 c5 3. Bg2 Nc6 4. c4 dxc4 5. O-O e5 6. Qa4 Bd6 7. Na3 Bd7 8. Nxc4 Bc7 9. d3 Nge7 10. a3 Rb8 11. Qd1 O-O 12. b3 f6 13. Bb2 Be6 14. Rc1 Qd7 15. Qd2 b5 16. Ne3 Na5 17. Qc2 Nxb3 18.
Rb1 a5 19. Rfd1 Rfc8 20. Nf1 Bb6 21. N1d2 Nd4 22. Nxd4 cxd4 0-1

[Event "Early-Titled-Tuesday-Blitz-February-27-2024"]
[Site "Chess.com"]
[Date "2024.02.27"]
[Round "4"]
[White "MetiForce"]
[Black "maximnovik"]
[Result "1-0"]
[WhiteElo "2892"]
[BlackElo "2604"]
[TimeControl "180+1"]
[EndTime "8:37:20 PST"]
[Termination "MetiForce won by checkmate"]

1. Nf3 Nf6 2. d4 g6 3. Nc3 d5 4. Bg5 Bg7 5. Bxf6 exf6 6. e4 dxe4 7. Nxe4 O-O 8. Be2 f5 9. Nc5 b6 10. Nb3 Bb7 11. O-O c5 12. dxc5 Bxb2 13. Rb1 Bf6 14.
a4 Qc7 15. Qd2 bxc5 16. Nxc5 Bc6 17. Rfd1 Rd8 18. Qe3 Rxd1+ 19. Rxd1 Nd7 20. Na6 Qa5 21. Bb5 Bxb5 22. axb5 Qxb5 23. Nc7 Qc6 24. Nxa8 Nf8 25. Qxa7 Qxc2 26. Rf1 Ne6 27. Nb6 Nf4 28. Nd7 Bb2 29.
Qb8+ Kg7 30. Qf8# 1-0

[Event "Early-Titled-Tuesday-Blitz-February-27-2024"]
[Site "Chess.com"]
[Date "2024.02.27"]
[Round "4"]
[White "Fonsofan"]
[Black "Magic-Nelwyn"]
[Result "1-0"]
[WhiteElo "2735"]
[BlackElo "2491"]
[TimeControl "180+1"]
[EndTime "8:37:20 PST"]
[Termination "Fonsofan won by resignation"]

1. b4 e5 2. Bb2 d6 3. e3 g6 4. c4 Bg7 5. Nc3 f5 6. g3 Nf6 7.
Nge2 O-O 8. Bg2 c6 9. b5 Be6 10. d3 d5 11. bxc6 Nxc6 12. cxd5 Nxd5 13. O-O Ndb4 14.
d4 e4 15. Nf4 Bf7 16. a3 Nd5 17. Ncxd5 Bxd5 18. Nxd5 Qxd5 19. f3 exf3 20. Qxf3 Qxf3 21.
Bxf3 Rfe8 22. Kf2 Rac8 23. Rac1 Bh6 24. Rc3 Na5 25. Rfc1 Rxc3 26. Rxc3 b5 27. Bc1 Re7 28. Rc5 a6 29. a4 Nc4 30. Bd5+ Kg7 31. Bxc4 bxc4 32.
Rxc4 Rb7 33. Rc6 Rb1 34. Bd2 Rh1 35. Rxa6 Rxh2+ 36. Ke1 Rh1+ 37. Ke2 Rh2+ 38. Kd3 Rg2 39. Ra7+ Kf6 40. Rxh7 Bf8 41. a5 Rxg3 42. a6 Rg1 43. d5 Ra1 44. Bc3+ Kg5 45. Bxa1 1-0

[Event "Early-Titled-Tuesday-Blitz-February-27-2024"]
[Site "Chess.com"]
[Date "2024.02.27"]
[Round "4"]
[White "Semen16"]
[Black "Caroexpert"]
[Result "1-0"]
[WhiteElo "2727"]
[BlackElo "2516"]
[TimeControl "180+1"]
[EndTime "8:37:22 PST"]
[Termination "Semen16 won by resignation"]

1. e4 c6 2. d4 d5 3. Nc3 dxe4 4.
Nxe4 Nf6 5. Nxf6+ exf6 6. c3 Bd6 7. Bd3 O-O 8. Qc2 Re8+ 9. Ne2 h5 10. O-O h4 11.
Nf4 Bxf4 12. Bxf4 h3 13. g3 Nd7 14. Qd1 Nf8 15. Qh5 g6 16. Qh6 Qd5 17. f3 Bf5 18.
Bxf5 Qxf5 19. Rae1 g5 20. Bc1 Rxe1 21. Rxe1 Qxf3 22.
Qxh3 Ng6 23. Rf1 Qd3 24. Rxf6 Re8 25. Rf1 Re2 26. Qd7 Re7 27. Qd8+ Kg7 28. Bxg5 Re6 29. Qd7 Nh8 30. Bf4 Qe2 31. Be5+ Rxe5 32. dxe5 Qxe5 1-0

[Event "Early-Titled-Tuesday-Blitz-February-27-2024"]
[Site "Chess.com"]
[Date "2024.02.27"]
[Round "4"]
[White "Nikolakis2014"]
[Black "JulbeNn"]
[Result "1-0"]
[WhiteElo "2757"]
[BlackElo "2549"]
[TimeControl "180+1"]
[EndTime "8:37:23 PST"]
[Termination "Nikolakis2014 won on time"]

1. d4 Nf6 2. c4 c5 3. d5 b5 4. cxb5 a6 5. e3 axb5 6. Bxb5 Qa5+ 7. Nc3 Ba6 8. Be2 g6 9. Nf3 Bg7 10. O-O O-O 11. e4 d6 12. Re1 Nbd7 13. h3 Rfb8 14.
Bxa6 Qxa6 15. Re2 Ne8 16. Bg5 Nc7 17. Bxe7 f6 18. e5 fxe5 19. Ne4 Ne8 20. Nfg5 Nf8 21. Rd2 Rb7 22. Bxf8 Bxf8 23. Qg4 Re7 24. h4 Qc8 25.
Qg3 Qf5 26. Rd3 Qf4 27. Qh3 h6 28. Rf3 hxg5 29. Rxf4 exf4 30. Nxg5 Ng7 31. Qg4 Re5 32. Nf3 1-0

[Event "Early-Titled-Tuesday-Blitz-February-27-2024"]
[Site "Chess.com"]
[Date "2024.02.27"]
[Round "4"]
[White "Egor_Koshulyan"]
[Black "N4700000"]
[Result "1-0"]
[WhiteElo "2654"]
[BlackElo "2462"]
[TimeControl "180+1"]
[EndTime "8:37:23 PST"]
[Termination "Egor_Koshulyan won by resignation"]

1. e4 c5 2. Nf3 d6 3. d4 cxd4 4. Qxd4 Nf6 5. Nc3 Nc6 6. Bb5 Bd7 7. Bxc6 Bxc6 8. Bg5 e6 9. O-O-O Be7 10. Qd3 O-O 11. Nd4 Qa5 12. f4 Rfc8 13. h4 b5 14. e5 b4 15.
exf6 bxc3 16. fxe7 Qxa2 17. bxc3 Bd5 18. Kd2 f6 19. Rh3 Qc4 20. Qe3 fxg5 21. hxg5 Rc7 22. Rdh1 Rac8 23. Rxh7 Be4 24. Qxe4 Qxc3+ 25. Ke2 Qc4+ 26.
Kf2 1-0